 Dungeon Crawl Stone Soup version 0.14-a0-2618-g5301534 (webtiles) character file.

955 Kae the Insei (level 7, -2/52 HPs)
             Began as a Black Draconian Transmuter on Feb 14, 2014.
             Slain by a green rat skeleton (8 damage)
             ... animated by a big kobold necromancer
             ... in a sewer.
             The game lasted 00:07:30 (5226 turns).

Kae the Insei (Black Draconian Transmuter)          Turns: 5226, Time: 00:07:30

HP  -2/52        AC  9     Str 13      XL: 7   Next: 60%
MP  12/12        EV 12     Int 13      God:
Gold 147         SH  0     Dex 13      Spells:  3 memorised,  4 levels left

rFire  x . .     SeeInvis .     x - +3,+1 whip (flame)
rCold  + . .     Clarity  .     (armour unavailable)
rNeg   . . .     Conserve .     (no shield)
rPois  .         rCorr    .     (helmet restricted)
rElec  +         rRot     .     c - +1 cloak
SustAb . .       Spirit   .     (no gloves)
rMut   .         Warding  .     m - +0 pair of orc boots (curse)
Saprov . . .     Stasis   .     (no amulet)
MR     .....                    e - cursed ring of ice
                                (no ring)

@: not resistant to hostile enchantments, unstealthy
A: breathe lightning, unfitting armour, electricity resistance, AC +6
a: Breathe Lightning


You were in a sewer.
You were hungry.

You visited 1 branch of the dungeon, and saw 4 of its levels.
You also visited: Sewer and Ossuary.

You collected 147 gold pieces.

Inventory:

Hand weapons
 x - a +3,+1 whip of flaming (weapon)
Missiles
 b - 26 arrows
 l - 9 arrows of frost
 A - 3 tomahawks (quivered)
Armour
 c - a +1 cloak (worn)
 m - a cursed +0 pair of orcish boots (worn)
Comestibles
 a - 7 bread rations
 h - 12 grapes
 z - a choko
Scrolls
 g - 2 scrolls of teleportation
 i - a scroll of amnesia
 k - 2 scrolls of identify
 o - a scroll of enchant weapon I
 q - a scroll of blinking
 s - 2 scrolls of random uselessness
 u - a scroll of enchant weapon II
 y - a scroll of remove curse
Jewellery
 e - a cursed ring of ice (right hand)
 r - a cursed amulet of warding {unknown}
Potions
 f - 5 potions of curing
 j - a potion of degeneration {unknown}
 n - a potion of confusion {unknown}
 p - 3 potions of might {unknown}
 t - a potion of lignification {unknown}
 v - a potion of poison {unknown}
 w - a potion of resistance {unknown}
 B - a potion of brilliance {unknown}
 C - a potion of heal wounds
Books
 d - a book of Changes

   Spells                             Type                      Level
   *Beastly Appendage                 Transmutation                1
   *Sticks to Snakes                  Transmutation                2
   *Spider Form                       Transmutation/Poison         3
   Ice Form                           Ice/Transmutation            4
   Blade Hands                        Transmutation                5


   Skills:
 - Level 1.1 Fighting
 - Level 1.7 Dodging
 * Level 7.7 Unarmed Combat
 - Level 2.0 Spellcasting
 + Level 5.2 Transmutations


You had 4 spell levels left.
You knew the following spells:

 Your Spells              Type           Power        Failure   Level  Hunger
a - Beastly Appendage     Trmt           ##....       3%          1    ##.....
b - Sticks to Snakes      Trmt           ##........   6%          2    ###....
c - Spider Form           Trmt/Pois      #.........   28%         3    ####...


Dungeon Overview and Level Annotations

Branches:
Dungeon (4/16)
 Temple: D:4-7

Altars:
Ashenzari
Elyvilon


Innate Abilities, Weirdness & Mutations

You can breathe wild blasts of lightning.*
Your glossy black scales are hard (AC +6).*
Your body does not fit into most forms of armour.
Your cold-blooded metabolism reacts poorly to cold.
You are resistant to electric shocks.*


Message History

You are too injured to fight recklessly!
You are too injured to fight recklessly!
Unknown command.
You hit the big kobold necromancer. You burn the big kobold necromancer.
Your tail-slap misses the big kobold necromancer.
The big kobold necromancer is almost dead.
The green rat skeleton bites you but does no damage.
The big kobold necromancer closely misses you.
The green rat zombie bites you.
* * * LOW HITPOINT WARNING * * *
You closely miss the big kobold necromancer.
The big kobold necromancer is almost dead.
The green rat skeleton barely misses you.
The big kobold necromancer hits you but does no damage.
The green rat zombie bites you.
* * * LOW HITPOINT WARNING * * *
You hit the big kobold necromancer. You burn the big kobold necromancer.
You kill the big kobold necromancer!
The green rat skeleton bites you!
You die...

###....#≈..###≈..∩.##
##≈....#≈.##.....∩..%
#≈≈....#..#.......%%.
#≈≈....#.≈#..........
##≈....#..)#.........
#≈≈....#.≈≈###.≈...##
###....#≈≈..≈#######≈
#≈≈...##.≈≈...≈≈..%.
##≈@z..###.≈..≈..% ≈
#≈≈≈zz....#########
##≈≈!.....?.
#≈##........ ##
≈........ .≈≈≈##≈≈
≈≈≈## # #####


You could see a green rat zombie and 2 green rat skeletons.

Vanquished Creatures
  4 big kobolds (Sewer)
  The ghost of wojtek the Cutter, an average KoAs (D:3)
  2 orc priests
  A big fish (D:4)
  Crazy Yiuf (D:2)
  An orc wizard (D:3)
  Ijyb (D:2)
  5 big kobold zombies (Ossuary)
  2 mummies
  2 adders
  A giant mite (D:4)
  A green rat (Sewer)
  2 worms
  A giant gecko (D:3)
  2 oozes
  13 orcs
  2 spectral bats (Ossuary)
  A ball python (D:2)
  5 bat simulacra (Ossuary)
  A bat skeleton (D:4)
  3 giant cockroaches
  6 goblins
  5 hobgoblins
  2 jackals (D:2)
  A quokka (D:3)
  14 bats
  4 giant newts
  7 gnoll zombies (Ossuary)
  5 goblin simulacra (Ossuary)
  A goblin zombie (Ossuary)
  A green rat skeleton (Sewer)
  2 green rat zombies (Sewer)
  A grey rat skeleton (Sewer)
  A grey rat zombie (Sewer)
  7 hobgoblin zombies (Ossuary)
  11 kobolds
  3 kobold simulacra (Ossuary)
  5 kobold zombies
  7 orc zombies
  10 rats
  4 rat simulacra (Ossuary)
  2 rat zombies (Sewer)
  3 spectral goblins (Ossuary)
  4 spectral kobolds (Ossuary)
  4 spectral rats (Ossuary)
162 creatures vanquished.

Notes
Turn   | Place    | Note
--------------------------------------------------------------
     0 | D:1      | Kae, the Draconian Transmuter, began the quest for the Orb.
     0 | D:1      | Reached XP level 1. HP: 16/16 MP: 3/3
   232 | D:1      | Reached XP level 2. HP: 18/23 MP: 4/4
  1006 | D:2      | Noticed Ijyb
  1034 | D:2      | Killed Ijyb
  1034 | D:2      | Reached skill level 4 in Unarmed Combat
  1034 | D:2      | Reached XP level 3. HP: 12/28 MP: 6/6
  1054 | D:2      | Found a white marble altar of Elyvilon.
  1065 | D:2      | Found a shattered altar of Ashenzari.
  1390 | D:2      | Noticed Crazy Yiuf
  1894 | D:2      | Killed Crazy Yiuf
  1894 | D:2      | Reached XP level 4. HP: 23/35 MP: 5/7
  2046 | D:3      | Noticed wojtek's ghost (average KoAs)
  2070 | D:3      | Killed wojtek's ghost
  2070 | D:3      | Reached skill level 5 in Unarmed Combat
  2070 | D:3      | Reached XP level 5. HP: 33/40 MP: 9/9
  2178 | D:3      | HP: 2/40 [orc wizard/magic dart (3)]
  2467 | D:2      | HP: 1/40 [adder (3)]
  3118 | D:3      | Reached XP level 6. HP: 37/47 MP: 10/10
  3234 | D:4      | Learned a level 2 spell: Sticks to Snakes
  3238 | D:4      | Learned a level 3 spell: Spider Form
  3441 | D:4      | Found a sand-covered staircase.
  3452 | Ossuary  | Entered an ossuary
  3509 | Ossuary  | Reached skill level 6 in Unarmed Combat
  4614 | D:4      | Found a glowing drain.
  4632 | D:4      | Your scales start taking on a glossy black colour.
  4632 | D:4      | Gained mutation: You are resistant to electric shocks. [draconian maturity]
  4632 | D:4      | Reached XP level 7. HP: 29/52 MP: 12/12
  4642 | Sewer    | Entered a sewer
  4803 | Sewer    | Reached skill level 7 in Unarmed Combat
  5182 | Sewer    | Reached skill level 5 in Transmutations
  5226 | Sewer    | Slain by a green rat skeleton

Action                   |  1- 3 |  4- 6 |  7- 9 || total
-------------------------+-------+-------+-------++-------
Melee: Unarmed           |   139 |     9 |       ||   148
       Short sword       |    47 |       |       ||    47
       Whip              |       |   415 |   128 ||   543
 Cast: Beastly Appendage |     2 |     9 |     3 ||    14
  Use: Scroll            |     1 |     9 |       ||    10
       Potion            |       |     6 |       ||     6
 Stab: Sleeping          |       |     2 |       ||     2
       Distracted        |       |     1 |     1 ||     2
